 Dungeon Crawl Stone Soup version 0.15-a0-137-g18a2bbc (webtiles) character file.

12271 PolkaDot the Conjurer (level 11, 0/68 HPs)
             Began as a Vampire Wizard on Apr 13, 2014.
             Was the Champion of Sif Muna.
             Succumbed to a trapdoor spider's poison
             ... on Level 11 of the Dungeon.
             The game lasted 02:12:24 (16018 turns).

PolkaDot the Conjurer (Vampire Wizard)             Turns: 16018, Time: 02:12:25

HP   0/68        AC 14     Str  6      XL: 11   Next: 59%
MP   6/20        EV 12     Int 23      God: Sif Muna [******]
Gold 32          SH  0     Dex 12      Spells:  5 memorised,  2 levels left

rFire  + . .     SeeInvis +     a - +3,+2 dagger (protect)
rCold  + . .     Clarity  .     u - +2 robe {MR+}
rNeg   + + +     Conserve .     (no shield)
rPois  +         rCorr    .     m - +1 hat
rElec  +         rRot     .     n - +0 cloak
SustAb . .       Spirit   .     e - +1 pair of gloves
rMut   .         Warding  .     q - +0 pair of boots
Saprov . . .     Stasis   .     r - amulet of Pet Wuim {Inacc Stlth++}
MR     ++...                    d - ring of positive energy
                                f - ring of positive energy

@: lethally poisoned, very slightly contaminated, very resistant to hostile
enchantments, quite stealthy
A: bottle blood, fangs 3, see invisible, unbreathing
a: Bat Form, Bottle Blood, Channel Energy, Forget Spell, Renounce Religion


You were on level 11 of the Dungeon.
You worshipped Sif Muna.
Sif Muna was exalted by your worship.
You were not thirsty.

You visited 1 branch of the dungeon, and saw 11 of its levels.

You collected 417 gold pieces.
You spent 385 gold pieces at shops.

Inventory:

Hand weapons
 a - a +3,+2 dagger of protection (weapon)
 E - a +0,+2 short sword of holy wrath
Armour
 e - a +1 pair of gloves (worn)
 m - a +1 hat (worn)
 n - a +0 cloak (worn)
 q - a +0 pair of boots (worn)
 u - a +2 robe of magic resistance (worn)
 C - a cursed troll hide
Magical devices
 p - a wand of paralysis (7)
 t - a wand of magic darts (8)
 x - a wand of random effects (2)
Scrolls
 h - a scroll of fog
 i - a scroll of enchant weapon I
 o - a scroll of amnesia
 z - 2 scrolls of noise
 B - 2 scrolls of magic mapping
 F - a scroll of recharging
Jewellery
 d - a ring of positive energy (right hand)
 f - a ring of positive energy (left hand)
 r - the amulet of Pet Wuim (around neck) {Inacc Stlth++}
   (You found it on level 6 of the Dungeon)

   [amulet of inaccuracy]

   It reduces the accuracy of all your attacks.
   It makes you much more stealthy.
Potions
 g - 2 potions of haste
 j - 3 potions of restore abilities
 l - a potion of agility
 v - a potion of beneficial mutation {!q}
 A - a potion of brilliance {unknown}
 I - 2 potions of lignification {unknown}
Books
 c - a book of Minor Magic

   Spells                             Type                      Level
   *Magic Dart                        Conjuration                  1
   *Blink                             Translocation                2
   Call Imp                           Summoning                    2
   Repel Missiles                     Charms/Air                   2
   Slow                               Hexes                        2
   *Conjure Flame                     Conjuration/Fire             3
   *Mephitic Cloud                    Conjuration/Poison/Air       3
 D - a Young Poisoner's Handbook

   Spells                             Type                      Level
   Sting                              Conjuration/Poison           1
   Cure Poison                        Poison                       2
   *Mephitic Cloud                    Conjuration/Poison/Air       3
   Olgreb's Toxic Radiance            Poison                       4
   *Venom Bolt                        Conjuration/Poison           5
 H - Sif Muna's Disquisition on Flight {god gift}
   (Sif Muna gifted it to you on level 10 of the Dungeon)

   Spells                             Type                      Level
   Swiftness                          Charms/Air                   2
   Airstrike                          Air                          4
   Silence                            Hexes/Air                    5
   Tornado                            Air                          9
Magical staves
 b - an uncursed staff of poison
 y - an uncursed staff of cold


   Skills:
 - Level 2.1 Dodging
 - Level 3.0 Stealth
 - Level 3.0 Spellcasting
 + Level 11.9 Conjurations
   Level 1.0 Summonings
 - Level 0.7 Translocations
 * Level 9.7 Air Magic
 + Level 2.6 Poison Magic


You had 2 spell levels left.
You knew the following spells:

 Your Spells              Type           Power        Failure   Level  Hunger
a - Magic Dart            Conj           ####         1%          1    None
d - Mephitic Cloud        Conj/Pois/Air  #####...     1%          3    ###....
q - Blink                 Tloc           N/A          17%         2    ##.....
s - Conjure Flame         Conj/Fire      ####....     3%          3    ###....
z - Venom Bolt            Conj/Pois      #####.....   17%         5    #####..


Dungeon Overview and Level Annotations

Branches:
Dungeon (11/15)            Temple (0/1) D:6             Orc (0/4) D:9
   Lair: D:8-11

Altars:
Dithmenos
Fedhas
Kikubaaqudgha
Okawaru
Sif Muna
Trog
Xom
Yredelemnul
Zin
Beogh

Shops:
D:7 !   D:10 :

Annotations:
D:8 exclusion: 2 oklob saplings
D:11 Joseph


Innate Abilities, Weirdness & Mutations

You can bottle blood from corpses.
You have razor-sharp teeth.*
You have supernaturally acute eyesight.
You can survive without breathing.*


Message History

A worker ant comes into view.
* * * LOW HITPOINT WARNING * * *
You feel sick.
* * * LOW HITPOINT WARNING * * *
You feel sick.
Read which item? (? for menu, Esc to quit)
As you read the scroll of magic mapping, it crumbles to dust.
You feel aware of your surroundings.
* * * LOW HITPOINT WARNING * * *
You feel sick.
* * * LOW HITPOINT WARNING * * *
You feel sick.
* * * LOW HITPOINT WARNING * * *
You feel sick.
Found a blackened copper amulet.
* * * LOW HITPOINT WARNING * * *
You feel sick.
Memorise Cure Poison, consuming 2 spell levels and leaving 0?
Your memorisation is interrupted.
You die...

***** *****################## ***
,,,,,,, ,...................,,,,
,,,,,,, ,....................( ,
,,,, ,,,,....................a,,,
,,,,,, ,,.....................,,,
,, ,, ,,.....................,,,,
,,,,,, ,........@............,,,,
,,,, ,,,.....................,,,,
,,,,,,,,,...................,,,,,
*** *,,,,..".##############,,,,,,
*,*,,,,..., *,,,,,, *,*,,,,,.,,*
*, , , *,*, ,,>,,,* *,, ,,, *,*,,
,,, ,* *,,,,,, *,*,,,,, ,,* *
,,,,,


There were no monsters in sight!

Vanquished Creatures
  An unseen horror (D:10)
  Pikel (D:5)
  2 hill giants (D:10)
  A wandering mushroom (D:8)
  The ghost of marcus the Covert, an experienced OpAs (D:4)
  Grinder (D:5)
  A queen bee (D:9)
  2 trolls (D:9)
  Prince Ribbit (D:6)
  An ugly thing (D:10)
  5 yaks (D:9)
  2 humans (D:9)
  A shark (D:10)
  A hungry ghost (D:7)
  A wraith (D:6)
  2 hill giant skeletons
  2 wargs (D:10)
  9 orc warriors
  A water moccasin (D:9)
  A giant goldfish (D:10)
  4 ice beasts
  A slave (D:5)
  2 phantoms
  4 sky beasts
  6 ogres
  3 centaurs
  A big kobold (D:9)
  8 giant frogs
  6 scorpions
  An eye of draining (D:9)
  4 wights (D:6)
  28 killer bees
  A giant goldfish zombie (D:3)
  An electric eel (D:8)
  7 crimson imps
  2 goliath beetles (D:8)
  A yellow wasp zombie (D:6)
  6 orc priests
  8 hounds
  3 iguanas
  3 jellies
  An elf skeleton (D:8)
  A giant frog skeleton (D:10)
  6 orc wizards
  9 worker ants
  A big kobold zombie (D:9)
  A mummy (D:9)
  A big fish zombie (D:3)
  10 adders
  An orc zombie (D:10)
  3 shadow imps
  2 worms (D:8)
  4 giant mites
  An orc skeleton (D:6)
  An adder skeleton (D:4)
  An iguana skeleton (D:4)
  12 giant geckos
  31 orcs
  14 bats
  6 giant cockroaches
  10 goblins
  26 hobgoblins
  8 jackals
  19 kobolds
  7 quokkas
  A ball python skeleton (D:4)
  4 giant newts
  A hobgoblin zombie (D:8)
  A kobold zombie (D:6)
  16 rats
  A plant (D:2)
337 creatures vanquished.

Vanquished Creatures (collateral kills)
  A killer bee (D:9)
  A worm (D:10)
2 creatures vanquished.

Vanquished Creatures (others)
  A wizard (D:9)
  A killer bee (D:9)
  A worker ant (D:5)
  A giant eyeball (D:5)
  An ooze (D:5)
  A goblin (D:5)
6 creatures vanquished.

Grand Total: 345 creatures vanquished

Notes
Turn   | Place    | Note
--------------------------------------------------------------
     0 | D:1      | PolkaDot, the Vampire Wizard, began the quest for the Orb.
     0 | D:1      | Reached XP level 1. HP: 13/13 MP: 4/4
   106 | D:1      | Reached skill level 1 in Conjurations
   352 | D:1      | Reached XP level 2. HP: 19/19 MP: 3/6
  1267 | D:2      | Reached XP level 3. HP: 24/24 MP: 1/7
  1327 | D:2      | Learned a level 3 spell: Conjure Flame
  1331 | D:2      | Learned a level 3 spell: Mephitic Cloud
  1597 | D:2      | Found a shadowy altar of Dithmenos.
  1844 | D:2      | Found an ancient bone altar of Kikubaaqudgha.
  2038 | D:2      | Found a blossoming altar of Fedhas.
  2588 | D:2      | Reached XP level 4. HP: 26/30 MP: 5/9
  2832 | D:3      | Found a basalt altar of Yredelemnul.
  3694 | D:4      | Noticed marcus' ghost (experienced OpAs)
  3701 | D:4      | Killed marcus' ghost
  3701 | D:4      | Reached skill level 5 in Conjurations
  3701 | D:4      | Reached XP level 5. HP: 14/35 MP: 3/11
  3701 | D:4      | Reached XP level 6. HP: 16/41 MP: 3/12
  3809 | D:4      | Noticed an ogre
  3837 | D:4      | Killed an ogre
  4177 | D:4      | Reached XP level 7. HP: 38/46 MP: 7/14
  4421 | D:4      | Reached skill level 6 in Conjurations
  5185 | D:5      | Entered Level 5 of the Dungeon
  5213 | D:5      | Noticed Grinder
  5367 | D:5      | Paralysed by Grinder for 3 turns
  5391 | D:5      | Paralysed by Grinder for 3 turns
  5398 | D:5      | Killed Grinder
  5398 | D:5      | Reached skill level 7 in Conjurations
  5398 | D:5      | Reached XP level 8. HP: 52/52 MP: 9/16
  5472 | D:5      | Found a glowing silver altar of Zin.
  5622 | D:5      | Noticed Pikel
  5642 | D:5      | Killed Pikel
  5642 | D:5      | Reached skill level 8 in Conjurations
  6205 | D:6      | Found a staircase to the Ecumenical Temple.
  6419 | D:6      | Found a deep blue altar of Sif Muna.
  6446 | D:6      | Became a worshipper of Sif Muna the Loreminder
  6473 | D:6      | Found a bloodstained altar of Trog.
  6576 | D:6      | Reached skill level 9 in Conjurations
  6635 | D:6      | Reached XP level 9. HP: 57/57 MP: 2/17
  6836 | D:6      | Noticed Prince Ribbit
  7381 | D:6      | Reached skill level 1 in Air Magic
  7412 | D:6      | Got an ancient garnet amulet
  7783 | D:7      | Acquired Sif Muna's first power
  8572 | D:6      | Acquired Sif Muna's second power
  8572 | D:6      | Reached skill level 10 in Conjurations
  8646 | D:6      | Killed Prince Ribbit
  8936 | D:7      | Found Twofieze's Distillery.
  8957 | D:7      | Identified the amulet of Pet Wuim {Inacc Stlth++} (You found it on level 6 of the Dungeon)
  9961 | D:8      | Reached XP level 10. HP: 42/63 MP: 13/18
 10602 | D:8      | Found a shimmering altar of Xom.
 10748 | D:8      | Learned a level 2 spell: Blink
 11391 | D:8      | Reached skill level 5 in Air Magic
 11418 | D:8      | Found a blossoming altar of Fedhas.
 11557 | D:9      | Found an iron altar of Okawaru.
 11584 | D:9      | Reached skill level 11 in Conjurations
 11779 | D:9      | Found a staircase to the Orcish Mines.
 11883 | D:9      | Found a roughly hewn altar of Beogh.
 12284 | D:9      | Acquired Sif Muna's third power
 12418 | D:9      | Found a bloodstained altar of Trog.
 12794 | D:9      | Reached XP level 11. HP: 33/68 MP: 4/20
 13121 | D:9      | Noticed a wizard
 13123 | D:9      | Killed a wizard
 13200 | D:10     | Entered Level 10 of the Dungeon
 13513 | D:10     | Noticed a hill giant
 13543 | D:10     | Killed a hill giant
 13629 | D:10     | Learned a level 5 spell: Venom Bolt
 13748 | D:10     | Noticed a hill giant
 13812 | D:10     | Killed a hill giant
 13812 | D:10     | Reached skill level 1 in Poison Magic
 14146 | D:7      | Bought a potion of beneficial mutation for 385 gold pieces
 14274 | D:10     | Noticed an unseen horror
 14405 | D:10     | Killed an unseen horror
 14649 | D:10     | Found Hueharats' Book Boutique.
 14660 | D:10     | Received a gift from Sif Muna
 14661 | D:10     | Identified Sif Muna's Disquisition on Flight {god gift} (Sif Muna gifted it to you on level 10 of the Dungeon)
 15697 | D:11     | Found a shimmering altar of Xom.
 15697 | D:11     | Noticed a hill giant
 15989 | D:11     | Noticed Joseph
 16014 | D:11     | HP: 3/68 [poisoned by a trapdoor spider]
 16017 | D:11     | HP: 1/68 [poisoned by a trapdoor spider]
 16018 | D:11     | Succumbed to a trapdoor spider's poison

Action                   |  1- 3 |  4- 6 |  7- 9 | 10-12 || total
-------------------------+-------+-------+-------+-------++-------
Melee: Unarmed           |   372 |       |       |       ||   372
       Dagger            |    11 |   162 |   485 |   225 ||   883
       Staff             |       |       |       |    34 ||    34
 Cast: Magic Dart        |    94 |    18 |   155 |   376 ||   643
       Conjure Flame     |     5 |     7 |    54 |   129 ||   195
       Mephitic Cloud    |     4 |     3 |    37 |    49 ||    93
       Blink             |       |       |       |    15 ||    15
       Venom Bolt        |       |       |       |    14 ||    14
Invok: Channel Energy    |       |       |     3 |   360 ||   363
Evoke: Wand              |     3 |       |    39 |       ||    42
  Use: Potion            |     6 |       |     4 |     5 ||    15
       Scroll            |     5 |     3 |    12 |     9 ||    29
 Stab: Confused          |       |     3 |    24 |    10 ||    37
       Sleeping          |       |     2 |    11 |     8 ||    21
       Paralysed         |       |       |     2 |       ||     2
       Fleeing           |       |       |     1 |       ||     1
